 Dungeon Crawl Stone Soup version 0.27-a0-242-ge0fc76b88b (webtiles) character file.

Game seed: 11811825704351402329

1935 Ankhtithe the Geomancer (level 8, -2/57 HPs)
             Began as a Demigod Earth Elementalist on Feb 3, 2021.
             Hit by a boomerang thrown by an orc warrior (9 damage)
             ... on level 7 of the Dungeon.
             The game lasted 00:27:46 (9005 turns).

Ankhtithe the Geomancer (DgEE)                      Turns: 9005, Time: 00:27:46

Health: -2/57      AC:  6    Str: 17    XL:     8   Next: 65%
Magic:  11/28      EV: 13    Int: 23    God:
Gold:   298        SH:  0    Dex: 16    Spells: 8/17 levels left

rFire    . . .     SeeInvis .   d - +1 mace
rCold    . . .     Faith    .   (no shield)
rNeg     . . .     Spirit   .   c - +0 robe
rPois    .         Reflect  .   g - +2 helmet
rElec    .         Harm     .   (no cloak)
rCorr    .         Rampage  .   w - +0 pair of gloves
Will     .....                  (no boots)
Stlth    ++........             (no amulet)
HPRegen  0.19/turn              k - +6 ring of strength
MPRegen  0.21/turn              j - ring of magical power

@: about to teleport
A: high mp 1
a: no special abilities


You were on level 7 of the Dungeon.
You visited 2 branches of the dungeon, and saw 8 of its levels.

You collected 518 gold pieces.
You spent 220 gold pieces at shops.

Inventory:

Hand Weapons
 d - a +1 mace (weapon)
 E - a +0 long sword
Missiles
 b - 89 stones
 p - 11 poisoned darts
Armour
 c - a +0 robe (worn)
 g - a +2 helmet (worn)
 w - a +0 pair of gloves (worn)
Magical Staves
 l - an uncursed staff of cold
Jewellery
 j - a ring of magical power (right hand)
 k - a +6 ring of strength (left hand)
 s - an uncursed amulet of guardian spirit
 v - an uncursed ring of teleportation
 F - an uncursed ring of flight
Wands
 f - a wand of random effects (26)
 z - a wand of flame (28)
 A - a wand of paralysis (16)
 C - a wand of polymorph (22)
Scrolls
 h - 2 scrolls of enchant armour
 n - a scroll of immolation
 y - 2 scrolls of remove curse
Potions
 e - 4 potions of flight
 i - a potion of berserk rage
 m - a potion of heal wounds
 o - 2 potions of mutation
 q - a potion of attraction
 t - 2 potions of haste
 x - a potion of cancellation
 B - 4 potions of lignification
 D - 2 potions of magic


   Skills:
 - Level 0.2 Fighting
 - Level 0.2 Maces & Flails
 - Level 2.0 Dodging
 - Level 2.0 Stealth
 + Level 5.1 Spellcasting
 + Level 4.6 Conjurations
 - Level 1.0 Transmutations
 * Level 8.2 Earth Magic


You had 8 spell levels left.
You knew the following spells:

 Your Spells              Type           Power        Failure   Level
a - Sandblast             Erth           86%          1%          1
c - Stone Arrow           Conj/Erth      70%          1%          3
x - Lee's Rapid Deconstr  Erth           21%          9%          5

Your spell library contained the following spells:

 Spells                   Type           Power        Failure   Level
 Passwall                 Tmut/Erth      22%          2%          2
 Petrify                  Tmut/Erth      27%          14%         4


Dungeon Overview and Level Annotations

Branches:
Dungeon (7/15)             Temple (1/1) D:5

Shops:
D:4 =


Innate Abilities, Weirdness & Mutations

You have an increased reservoir of magic. (+10% MP)


Message History

The howler monkey hoots and howls with incredible vigour!
You hear a shout!
Casting: Sandblast (safe; 1% risk of failure)
Confirm with . or Enter, or press ? or * to list all spells.
The spell is quite dangerous to cast (9% risk of failure)!
Continue anyway?
Okay, then.
Casting: Lee's Rapid Deconstruction (quite dangerous; 9% risk of failure)
Confirm with . or Enter, or press ? or * to list all spells.
Aiming: Sandblast (safe; 1% risk of failure)
Press: ? - help, Shift-Dir - straight line, f/p - orc warrior
Aim: an orc warrior, wielding a -1 glaive, wearing a +0 plate armour and quivering boomerangs (heavily wounded, 17% to evade)
The blast of sand misses the orc warrior.
The orc warrior hits you from afar with a cursed -1 glaive!
The orc warrior throws a boomerang.
The boomerang hits you!
* * * LOW HITPOINT WARNING * * *
As you read the scroll of teleportation, it crumbles to dust.
You feel strangely unstable.
The howler monkey hoots and howls with incredible vigour!
The orc warrior throws a boomerang.
The boomerang hits you!
You die...

#.# .....h.
#..##s..o...
##### #...>....
##....##.....#
#.......#o)#
#........o##
#..........###
#........O..##
#.........h@.#
##............#
#.............#
##.............#
#............##
....#
##............
.....#
#.............
.....##
##........#####
......#
##......##


You could see an orc warrior, an ogre, a howler monkey (catching breath) and an
orc.

Vanquished Creatures
  A wyvern (D:6)
  A water moccasin (D:5)
  Duvessa (D:5)
  2 sky beasts
  An ice beast (D:5)
  An ogre (D:4)
  A phantom (D:4)
  Blork the orc (D:4)
  2 bullfrogs
  Dowan (D:5)
  A scorpion (D:7)
  3 hounds
  3 jellies
  2 bullfrog skeletons
  2 orc priests (D:5)
  A gnoll shaman (D:4)
  Ijyb (D:4)
  2 iguanas
  4 worker ants
  An orc wizard (D:5)
  Terence (D:2)
  A hound skeleton (D:4)
  6 gnolls
  7 adders
  2 shadow imps (D:6)
  3 white imps
  2 oozes
  An adder skeleton (D:6)
  5 worms
  3 dart slugs
  5 leopard geckos
  14 orcs
  6 giant cockroaches
  5 goblins
  7 hobgoblins
  6 jackals
  5 kobolds
  4 quokkas
  3 ball pythons
  15 bats
  2 frilled lizards
  A leopard gecko skeleton (D:5)
  A leopard gecko zombie (D:5)
  2 quokka skeletons
  16 rats
155 creatures vanquished.

Notes
Turn   | Place    | Note
-------+----------+-------------------------------------------
     0 | D:1      | Ankhtithe the Demigod Earth Elementalist began the quest
                  | for the Orb.
     0 | D:1      | Reached XP level 1. HP: 14/14 MP: 5/5
   151 | D:1      | Reached skill level 3 in Earth Magic
   416 | D:1      | Reached XP level 2. HP: 20/20 MP: 7/7
  1097 | D:1      | Reached skill level 1 in Transmutations
  1188 | D:2      | Reached XP level 3. HP: 26/26 MP: 8/8
  1192 | D:2      | Learned a level 3 spell: Stone Arrow
  1595 | D:2      | Noticed Terence
  1629 | D:2      | Killed Terence
  2110 | D:2      | Reached skill level 4 in Earth Magic
  2110 | D:2      | Reached XP level 4. HP: 33/33 MP: 10/10
  2289 | D:2      | Found a hazy altar of Hepliaklqana.
  3775 | D:3      | Reached XP level 5. HP: 33/38 MP: 11/11
  3967 | D:3      | Found a blossoming altar of Fedhas.
  4480 | D:4      | Reached skill level 1 in Conjurations
  4516 | D:4      | Found an iron altar of Okawaru.
  4539 | D:4      | Reached skill level 5 in Earth Magic
  4612 | D:4      | Found Xobuetuph's Jewellery Shoppe.
  4623 | D:4      | Bought an uncursed ring of magical power for 220 gold
                  | pieces
  4747 | D:4      | Noticed Ijyb
  4755 | D:4      | Killed Ijyb
  4756 | D:4      | Reached XP level 6. HP: 44/45 MP: 13/13
  4767 | D:4      | Learned a level 5 spell: Lee's Rapid Deconstruction
  4853 | D:4      | Noticed Blork the orc
  5421 | D:4      | Killed Blork the orc
  5610 | D:5      | Entered Level 5 of the Dungeon
  5731 | D:5      | Noticed Duvessa
  5738 | D:5      | Killed Duvessa
  5739 | D:5      | Reached skill level 6 in Earth Magic
  5739 | D:5      | Reached XP level 7. HP: 50/50 MP: 14/15
  5787 | D:5      | Noticed Dowan
  5802 | D:5      | Killed Dowan
  6460 | D:5      | Found a white marble altar of Elyvilon.
  6535 | D:5      | Found a staircase to the Ecumenical Temple.
  6577 | D:5      | Reached skill level 7 in Earth Magic
  6653 | D:5      | Reached XP level 8. HP: 57/57 MP: 18/18
  7031 | Temple   | Entered the Ecumenical Temple
  8691 | D:7      | Reached skill level 5 in Spellcasting
  8691 | D:7      | Reached skill level 8 in Earth Magic
  9005 | D:7      | Hit by a boomerang thrown by an orc warrior

Illustrated notes

Levels and vault maps discovered:
D:1:      scummos_arrival_star, layout_basic, minmay_rat_gold_closets
D:2:      layout_basic, lemuel_doored_altar, uniq_terence
D:3:      layout_basic, marbit_many_paths
D:4:      layout_cave_pools, okawaru_trees_2, serial_shops,
          nicolae_shop_statue_plus, uniq_ijyb, uniq_blork_the_orc
D:5:      layout_loops_ring, elyvilon_altar_5, temple_statues, uniq_duvessa
D:6:      layout_gridville
D:7:      layout_cave_pods, solitary_fountain
Temple:   dpeg_five_rooms_temple

Skill      XL: |  1  2  3  4  5  6  7  8 |
---------------+-------------------------+-----
Earth Magic    | 3 4 5 6 7 8 |  8.2
Stealth        | 2 |  2.0
Transmutations | 1 |  1.0
Spellcasting   | 2 3 4 5 |  5.1
Dodging        | 2 |  2.0
Conjurations   | 1 2 3 4 |  4.6
Fighting       | |  0.2
Maces & Flails | |  0.2

Action                   |  1- 3 |  4- 6 |  7- 9 || total
-------------------------+-------+-------+-------++-------
Melee: Mace              |   131 |   140 |    13 ||   284
       Unarmed           |    13 |       |       ||    13
 Cast: Sandblast         |    26 |    41 |    34 ||   101
       Stone Arrow       |       |     9 |    57 ||    66
Evoke: Wand              |       |       |     1 ||     1
  Use: Scroll            |     3 |    14 |     5 ||    22
       Potion            |     1 |       |     1 ||     2
 Stab: Sleeping          |     7 |     6 |       ||    13
Armor: Robe              |    49 |    63 |     9 ||   121
Dodge: Dodged            |   133 |   140 |    25 ||   298

Table legend: (Time is in decaauts)
 A = Elapsed time spent in this place.
 B = Non-inter-level travel time spent in this place.
 C = Inter-level travel time spent in this place.
 D = Time resting spent in this place.
 E = Time spent auto-exploring this place.
 F = Levels seen in this place.
 G = Mean time per level.
                   A        B        C        D        E       F      G
               +--------+--------+--------+--------+--------+-----+--------+
         Total |   9113 |   8839 |    274 |   2210 |   5273 |   8 | 1139.1 |
       Dungeon |   8819 |   8577 |    242 |   2210 |   5012 |   7 | 1259.9 |
        Temple |    293 |    262 |     31 |      0 |    261 |   1 |  293.0 |
               +--------+--------+--------+--------+--------+-----+--------+

Top non-repeatable levels by time:
     D:2: 1889 daAuts
     D:3: 1528 daAuts
     D:5: 1462 daAuts
     D:6: 1257 daAuts
     D:1: 1183 daAuts
     D:4: 1111 daAuts
     D:7: 386 daAuts
  Temple: 293 daAuts
